Mustangs vs Senators
(R1)
Created - May 6, 2018 at 23:07
Goals
|
| Mustangs |
1 |
0 |
0 |
1 |
| Senators |
0 |
4 |
1 |
5 |
|
Shots
|
| Mustangs |
8 |
11 |
10 |
29 |
| Senators |
13 |
16 |
9 |
38 |
|
1st period
1. Mustangs , Francis Paré 1 (Denis Bodrov 1, Rick Schofield 1) at 7:14
Penalties :
Patrick Bordeleau (BIN) for Tripping (Minor) at 0:35, Josh Jooris (Ham) for Tripping (Minor) at 3:22, Gabriel Bourque (BIN) for Charging (Minor) at 7:21, Arturs Kulda (BIN) for Tripping (Minor) at 11:07
2nd period
2. Senators , Ian Cole 1 (Arturs Kulda 1) at 3:04
3. Senators , Zemgus Girgensons 1 (Phil Di Giuseppe 1, Arturs Kulda 2) at 9:42
4. Senators , Marc-André Bernier 1 (Arturs Kulda 3) at 14:13
5. Senators , Gabriel Bourque 1 (Stephane Da Costa 1, Shane Sims 1) at 16:54
Penalties :
Joshua Leivo (Ham) for Hooking (Minor) at 5:42, Gabriel Bourque (BIN) for Elbowing (Minor) at 7:02, Marcus Foligno (Ham) for Interference (Minor) at 7:25, Brady Skjei (Ham) for Tripping (Minor) at 17:13
3rd period
6. Senators , Zemgus Girgensons 2 (Arturs Kulda 4, Matt Frattin 1) at 16:00
Penalties :
Chris Thorburn (BIN) for Holding (Minor) at 1:46, Matt Frattin (BIN) for Hooking (Minor) at 13:33, Mika Zibanejad (Ham) for Roughing (Double Minor) at 17:25
Goalie Stats
Peter Mannino (Ham), 33 saves from 38 shots - (0.868), L, 0-1-0, 60:00 minutes
Brad Thiessen (BIN), 28 saves from 29 shots - (0.966), W, 1-0-0, 60:00 minutes
Players Stats for Mustangs
Player Name G A P +/- PIM S H SB GA TA FO MP PP MP PK MP
------------------------------------------------------------------------------------
Alexei Marchenko 0 0 0 -3 0 0 1 0 1 0 0/0 12:09 0:00 0:00
Andrew Shaw 0 0 0 0 0 0 3 0 0 0 0/0 14:26 4:22 0:00
Brady Skjei 0 0 0 -1 2 4 1 0 0 2 0/0 26:13 6:09 3:49
Cameron Gaunce 0 0 0 -1 0 0 3 0 0 1 0/0 28:04 6:09 5:43
Curtis Hamilton 0 0 0 -2 0 1 0 0 0 0 0/0 7:14 0:00 0:00
Denis Bodrov 0 1 1 0 0 3 0 3 0 1 0/0 20:56 3:46 3:57
Francis Paré 1 0 1 -2 0 2 0 0 0 0 1/1 7:14 0:00 0:00
Jerome Samson 0 0 0 -1 0 3 0 0 0 0 0/0 10:11 0:12 0:00
Jim O'Brien 0 0 0 -1 0 4 1 1 0 0 2/6 13:54 0:04 3:13
Josh Jooris 0 0 0 -1 2 2 4 0 1 0 0/1 17:49 5:21 0:00
Joshua Leivo 0 0 0 -1 2 1 1 1 0 0 0/0 10:55 0:12 0:37
Marcus Foligno 0 0 0 -1 2 3 3 1 1 0 3/4 22:35 5:21 4:29
Mark Pysyk 0 0 0 0 0 0 0 2 0 0 0/0 19:47 3:46 2:48
Mika Zibanejad 0 0 0 -1 4 2 2 1 0 0 15/26 19:00 5:29 0:07
Rick Schofield 0 1 1 -2 0 3 0 0 1 0 2/4 7:42 0:00 0:28
Riley Sheahan 0 0 0 0 0 0 1 1 0 0 7/14 20:08 4:22 4:45
Scott Mayfield 0 0 0 -3 0 0 1 1 0 0 0/0 12:54 0:00 0:45
Tomas Tatar 0 0 0 0 0 1 2 0 2 1 1/3 18:14 4:22 3:07
Players Stats for Senators
Player Name G A P +/- PIM S H SB GA TA FO MP PP MP PK MP
------------------------------------------------------------------------------------
Arturs Kulda 0 4 4 1 2 3 3 2 0 0 0/0 26:12 3:39 4:35
Chandler Stephenson 0 0 0 0 0 0 0 0 0 0 0/0 0:42 0:39 0:00
Chris Thorburn 0 0 0 1 2 3 1 0 0 1 1/2 21:44 3:24 3:52
Dylan Blujus 0 0 0 0 0 0 0 0 0 0 0/0 3:37 0:00 0:20
Freddie Hamilton 0 0 0 0 0 0 0 0 0 0 0/0 1:05 0:31 0:00
Gabriel Bourque 1 0 1 1 4 3 0 0 0 1 1/2 18:57 3:34 2:28
Ian Cole 1 0 1 1 0 5 1 3 1 0 0/0 27:18 3:39 5:45
Jarrod Maidens 0 0 0 0 0 0 0 0 0 0 0/0 3:42 0:00 3:15
Jeff Petry 0 0 0 1 0 0 0 0 0 0 0/0 7:38 0:00 0:00
Keegan Lowe 0 0 0 0 0 0 0 0 0 0 0/0 3:17 0:00 0:00
Logan Stephenson 0 0 0 2 0 3 0 0 0 2 0/0 21:47 4:36 4:10
Marc-André Bernier 1 0 1 2 0 4 0 0 0 0 0/0 9:06 0:00 0:00
Matt Frattin 0 1 1 0 2 4 2 1 1 1 1/1 14:15 4:12 0:00
Olli Maatta 0 0 0 1 0 0 1 2 0 0 0/0 8:28 0:00 0:50
Patrick Bordeleau 0 0 0 0 2 0 2 1 0 0 1/1 13:57 4:12 0:00
Phil Di Giuseppe 0 1 1 1 0 1 0 0 0 0 0/0 7:38 0:00 0:00
Ryan Dzingel 0 0 0 2 0 1 0 0 1 0 0/0 10:54 0:00 1:23
Shane Prince 0 0 0 2 0 0 1 0 0 0 2/3 9:06 0:00 0:00
Shane Sims 0 1 1 2 0 3 0 0 0 0 0/0 21:47 4:36 4:10
Stephane Da Costa 0 1 1 1 0 0 0 1 1 0 17/39 22:57 3:24 5:06
Tomas Jurco 0 0 0 1 0 2 0 1 0 1 0/0 8:06 0:28 0:00
Tommy Wingels 0 0 0 0 0 4 1 0 1 0 3/7 17:15 4:20 2:52
Zemgus Girgensons 2 0 2 1 0 2 0 0 0 0 2/4 8:32 0:00 0:54
3 Stars
1 - Arturs Kulda (BIN)
2 - Zemgus Girgensons (BIN)
3 - Brad Thiessen (BIN)
Power Play
Mustangs - 0 on 6 Attempt(s) - 0.00%
Senators - 0 on 6 Attempt(s) - 0.00%
Penalty Kill
Mustangs - 6 on 6 Attempt(s) - 100.00%
- Score 0 goal in Penalty Kill
Senators - 6 on 6 Attempt(s) - 100.00%
- Score 0 goal in Penalty Kill
Team Stat
Mustangs - Hits : 23 - Faceoff Wins : 31 - Blocked Shots : 11 - Penalty Minutes : 12
Senators - Hits : 12 - Faceoff Wins : 28 - Blocked Shots : 11 - Penalty Minutes : 12
Official
Referees : Rehman Kyle and StLaurent Francois
Linesman : Michel Cormier and Derek Nansen
Game Notes
No Game Note
Finance
Level 1 -- Attendance: 1726 (86.30%) -- Ticket Income $56,958
Level 2 -- Attendance: 873 (87.30%) -- Ticket Income $13,095
Total Attendance: 2599 (86.63%)
Total Ticket Income: $70,053
Other Income: $3,503
Total Income: $73,556
Mustangs
5 vs 5 Forward
Center Left Wing Right Wing Time % Phy DF OF
1 Mika Zibanejad Marcus Foligno Josh Jooris 40 1 2 2
2 Riley Sheahan Tomas Tatar Andrew Shaw 30 1 2 2
3 Jim O'Brien Joshua Leivo Jerome Samson 20 1 2 2
4 Rick Schofield Curtis Hamilton Francis Paré 10 1 2 2
5 vs 5 Defense
Defense Defense Time % Phy DF OF
1 Cameron Gaunce Brady Skjei 44 1 2 2
2 Denis Bodrov Mark Pysyk 33 1 2 2
3 Alexei Marchenko Scott Mayfield 23 1 2 2
4 Cameron Gaunce Brady Skjei 0 1 2 2
PowerPlay Forward
Center Left Wing Right Wing Time % Phy DF OF
1 Mika Zibanejad Marcus Foligno Josh Jooris 60 1 2 2
2 Riley Sheahan Tomas Tatar Andrew Shaw 40 1 2 2
PowerPlay Defense
Defense Defense Time % Phy DF OF
1 Cameron Gaunce Brady Skjei 60 1 2 2
2 Denis Bodrov Mark Pysyk 40 1 2 2
Penalty Kill 4 Players Forward
Center Wing Time % Phy DF OF
1 Riley Sheahan Marcus Foligno 60 1 2 2
2 Jim O'Brien Tomas Tatar 40 1 2 2
Penalty Kill 4 Players Defense
Defense Defense Time % Phy DF OF
1 Cameron Gaunce Brady Skjei 60 1 2 2
2 Denis Bodrov Mark Pysyk 40 1 2 2
Penalty Kill - 3 Players Forward
Forward Time % Phy DF OF
1 Riley Sheahan 60 1 2 2
2 Jim O'Brien 40 1 2 2
Penalty Kill - 3 Players Defense
Defense Defense Time % Phy DF OF
1 Cameron Gaunce Brady Skjei 60 1 2 2
2 Denis Bodrov Mark Pysyk 40 1 2 2
4 vs 4 Forward
Center Wing Time % Phy DF OF
1 Mika Zibanejad Marcus Foligno 60 1 2 2
2 Riley Sheahan Tomas Tatar 40 1 2 2
4 vs 4 Defense
Defense Defense Time % Phy DF OF
1 Cameron Gaunce Brady Skjei 60 1 2 2
2 Denis Bodrov Mark Pysyk 40 1 2 2
Last Minutes Offensive
Center Left Wing Right Wing Defense Defense
Mika Zibanejad Marcus Foligno Josh Jooris Cameron Gaunce Brady Skjei
Last Minutes Defensive
Center Left Wing Right Wing Defense Defense
Riley Sheahan Marcus Foligno Josh Jooris Cameron Gaunce Brady Skjei
Goaltenders
Starting : Peter Mannino
Backup : Chet Pickard
Extra Forwards
Normal : Riley Sheahan, Mika Zibanejad, Jim O'Brien - PP : Mika Zibanejad, Riley Sheahan - PK : Marcus Foligno
Extra Defensemen
Normal : Brady Skjei, Mark Pysyk, Cameron Gaunce - PP : Brady Skjei - PK : Denis Bodrov, Cameron Gaunce
Penalty Shots
Riley Sheahan, Mika Zibanejad, Andrew Shaw, Marcus Foligno, Josh Jooris
Scratches
Roman Horak (Healthy), Andreas Athanasiou (Sports Hernia Injury), Dominik Uher (Healthy), Joe Finley (Healthy), Eric Knodel (Healthy)
Matthew Finn (Healthy), Danny Biega (Healthy), Raphael Bussieres (Healthy), Sam Kurker (Healthy), Max Gortz (Healthy)
Riley Nash (Healthy), Justin Peters (Healthy), Joacim Eriksson (Healthy)
Senators
5 vs 5 Forward
Center Left Wing Right Wing Time % Phy DF OF
1 Stephane Da Costa Gabriel Bourque Chris Thorburn 40 1 2 2
2 Tommy Wingels Patrick Bordeleau Matt Frattin 30 1 2 2
3 Shane Prince Ryan Dzingel Marc-André Bernier 20 1 2 2
4 Zemgus Girgensons Phil Di Giuseppe Tomas Jurco 10 1 2 2
5 vs 5 Defense
Defense Defense Time % Phy DF OF
1 Arturs Kulda Ian Cole 40 1 2 2
2 Logan Stephenson Shane Sims 30 1 2 2
3 Jeff Petry Olli Maatta 20 1 2 2
4 Dylan Blujus Keegan Lowe 10 1 2 2
PowerPlay Forward
Center Left Wing Right Wing Time % Phy DF OF
1 Stephane Da Costa Gabriel Bourque Chris Thorburn 60 1 2 2
2 Tommy Wingels Patrick Bordeleau Matt Frattin 40 1 2 2
PowerPlay Defense
Defense Defense Time % Phy DF OF
1 Arturs Kulda Ian Cole 60 1 2 2
2 Logan Stephenson Shane Sims 40 1 2 2
Penalty Kill 4 Players Forward
Center Wing Time % Phy DF OF
1 Stephane Da Costa Chris Thorburn 60 1 2 2
2 Gabriel Bourque Tommy Wingels 40 1 2 2
Penalty Kill 4 Players Defense
Defense Defense Time % Phy DF OF
1 Arturs Kulda Ian Cole 60 1 2 2
2 Logan Stephenson Shane Sims 40 1 2 2
Penalty Kill - 3 Players Forward
Forward Time % Phy DF OF
1 Stephane Da Costa 60 1 2 2
2 Chris Thorburn 40 1 2 2
Penalty Kill - 3 Players Defense
Defense Defense Time % Phy DF OF
1 Arturs Kulda Ian Cole 60 1 2 2
2 Logan Stephenson Shane Sims 40 1 2 2
4 vs 4 Forward
Center Wing Time % Phy DF OF
1 Stephane Da Costa Chris Thorburn 60 1 2 2
2 Gabriel Bourque Tommy Wingels 40 1 2 2
4 vs 4 Defense
Defense Defense Time % Phy DF OF
1 Arturs Kulda Ian Cole 60 1 2 2
2 Logan Stephenson Shane Sims 40 1 2 2
Last Minutes Offensive
Center Left Wing Right Wing Defense Defense
Stephane Da Costa Gabriel Bourque Chris Thorburn Arturs Kulda Ian Cole
Last Minutes Defensive
Center Left Wing Right Wing Defense Defense
Stephane Da Costa Gabriel Bourque Chris Thorburn Arturs Kulda Ian Cole
Goaltenders
Starting : Brad Thiessen
Backup : Ben Bishop
Extra Forwards
Normal : Freddie Hamilton, Chandler Stephenson, Jarrod Maidens - PP : Freddie Hamilton, Chandler Stephenson - PK : Jarrod Maidens
Extra Defensemen
Normal : Jeff Petry, Olli Maatta, Dylan Blujus - PP : Jeff Petry - PK : Olli Maatta, Dylan Blujus
Penalty Shots
Stephane Da Costa, Chris Thorburn, Gabriel Bourque, Tommy Wingels, Matt Frattin
Scratches
Matt Murray (Healthy), Matt Tomkins (Healthy)
% Time on Ice - Mustangs
Lines # - Real PCT - Wanted PCT - Time Play
Normal Forward
1 - 32% - 40% - 12:40
2 - 26% - 30% - 10:15
3 - 24% - 20% - 9:42
4 - 18% - 10% - 7:14
Normal Defense
1 - 38% - 44% - 15:10
2 - 31% - 33% - 12:32
3 - 30% - 23% - 12:09
4 - 0% - 0% - 0:00
PP Forward
1 - 56% - 60% - 5:33
2 - 44% - 40% - 4:22
PP Defense
1 - 62% - 60% - 6:09
2 - 38% - 40% - 3:46
PK Forward
1 - 74% - 60% - 6:04
2 - 26% - 40% - 2:11
PK Defense
1 - 66% - 60% - 5:27
2 - 34% - 40% - 2:48
PK3 Forward
1 - 100% - 60% - 0:16
2 - 0% - 40% - 0:00
PK3 Defense
1 - 100% - 60% - 0:16
2 - 0% - 40% - 0:00
44 Forward
1 - 100% - 60% - 1:43
2 - 0% - 40% - 0:00
44 Defense
1 - 60% - 60% - 1:02
2 - 40% - 40% - 0:41
Last Minute Offensive - 0:00
Last Minute Defensive - 0:00
Total
Forward - 60:00
Defense - 60:00
|
% Time on Ice - Senators
Lines # - Real PCT - Wanted PCT - Time Play
Normal Forward
1 - 34% - 40% - 13:23
2 - 24% - 30% - 9:44
3 - 23% - 20% - 9:06
4 - 19% - 10% - 7:38
Normal Defense
1 - 42% - 40% - 16:41
2 - 31% - 30% - 12:15
3 - 19% - 20% - 7:38
4 - 8% - 10% - 3:17
PP Forward
1 - 47% - 60% - 3:52
2 - 53% - 40% - 4:23
PP Defense
1 - 44% - 60% - 3:39
2 - 56% - 40% - 4:36
PK Forward
1 - 71% - 60% - 7:03
2 - 29% - 40% - 2:52
PK Defense
1 - 58% - 60% - 5:45
2 - 42% - 40% - 4:10
PK3 Forward
1 - 0% - 60%
2 - 0% - 40%
PK3 Defense
1 - 0% - 60%
2 - 0% - 40%
44 Forward
1 - 76% - 60% - 1:31
2 - 24% - 40% - 0:28
44 Defense
1 - 61% - 60% - 1:13
2 - 39% - 40% - 0:46
Last Minute Offensive - 0:00
Last Minute Defensive - 0:00
Total
Forward - 60:00
Defense - 60:00
|
Play by Play
1st period
0:01 of 1st period - Mika Zibanejad wins face-off versus Stephane Da Costa in neutral zone.
0:04 of 1st period - Ian Cole is hit by Josh Jooris and loses puck.
0:13 of 1st period - Wrist shot by Marcus Foligno.
0:13 of 1st period - Stopped by Brad Thiessen without a rebound.
0:14 of 1st period - Riley Sheahan wins face-off versus Tommy Wingels in Senators zone.
0:25 of 1st period - Snap shot by Riley Sheahan.
0:25 of 1st period - Shot Misses the Net.
0:29 of 1st period - Slapshot by Tomas Tatar.
0:29 of 1st period - Shot Misses the Net.
0:35 of 1st period - Minor Penalty to Patrick Bordeleau for Tripping.
0:36 of 1st period - Mika Zibanejad wins face-off versus Stephane Da Costa in Senators zone.
2:35 of 1st period - Penalty to Patrick Bordeleau is over, Patrick Bordeleau is back on ice.
3:04 of 1st period - Wrist shot by Jerome Samson.
3:04 of 1st period - Stopped by Brad Thiessen without a rebound.
3:05 of 1st period - Zemgus Girgensons wins face-off versus Jim O'Brien in Senators zone.
3:11 of 1st period - Off-side.
3:12 of 1st period - Stephane Da Costa wins face-off versus Mika Zibanejad in neutral zone.
3:22 of 1st period - Minor Penalty to Josh Jooris for Tripping.
3:23 of 1st period - Stephane Da Costa wins face-off versus Riley Sheahan in Mustangs zone.
4:10 of 1st period - Icing by Logan Stephenson.
4:11 of 1st period - Matt Frattin wins face-off versus Riley Sheahan in Senators zone.
4:16 of 1st period - Wrist shot by Marcus Foligno.
4:16 of 1st period - Shot Blocked by Patrick Bordeleau.
4:40 of 1st period - Slapshot by Logan Stephenson.
4:40 of 1st period - Shot Misses the Net.
5:14 of 1st period - Wrist shot by Tommy Wingels.
5:14 of 1st period - Deflect By Matt Frattin.
5:14 of 1st period - Stopped by Peter Mannino with a rebound.
5:16 of 1st period - Snap shot by Matt Frattin.
5:16 of 1st period - Stopped by Peter Mannino with a rebound.
5:18 of 1st period - Slapshot by Logan Stephenson.
5:18 of 1st period - Shot Misses the Net.
5:20 of 1st period - Slapshot by Shane Sims.
5:20 of 1st period - Stopped by Peter Mannino with a rebound.
5:22 of 1st period - Penalty to Josh Jooris is over, Josh Jooris is back on ice.
5:30 of 1st period - Snap shot by Matt Frattin.
5:30 of 1st period - Shot Blocked by Jim O'Brien.
5:32 of 1st period - Wrist shot by Matt Frattin.
5:32 of 1st period - Stopped by Peter Mannino without a rebound.
5:33 of 1st period - Rick Schofield wins face-off versus Stephane Da Costa in Mustangs zone.
5:58 of 1st period - Ryan Dzingel is hit by Alexei Marchenko and loses puck.
6:21 of 1st period - Snap shot by Tomas Tatar.
6:21 of 1st period - Shot Misses the Net.
7:05 of 1st period - Slapshot by Cameron Gaunce.
7:05 of 1st period - Deflect By Rick Schofield.
7:05 of 1st period - Shot Misses the Net.
7:05 of 1st period - Puck is out of play.
7:06 of 1st period - Rick Schofield wins face-off versus Zemgus Girgensons in Senators zone.
7:06 of 1st period - Denis Bodrov is hit by Arturs Kulda.
7:10 of 1st period - Slapshot by Denis Bodrov.
7:10 of 1st period - Stopped by Brad Thiessen with a rebound.
7:12 of 1st period - Slapshot by Denis Bodrov.
7:12 of 1st period - Shot Blocked by Ian Cole.
7:14 of 1st period - Slapshot by Francis Paré.
7:14 of 1st period - Goal by Francis Paré - Mustangs : 1 - Senators : 0.
7:15 of 1st period - Mika Zibanejad wins face-off versus Stephane Da Costa in neutral zone.
7:21 of 1st period - Minor Penalty to Gabriel Bourque for Charging.
7:22 of 1st period - Chris Thorburn wins face-off versus Mika Zibanejad in Senators zone.
7:38 of 1st period - Slapshot by Chris Thorburn.
7:38 of 1st period - Stopped by Peter Mannino with a rebound.
9:21 of 1st period - Penalty to Gabriel Bourque is over, Gabriel Bourque is back on ice.
9:35 of 1st period - Icing by Zemgus Girgensons.
9:36 of 1st period - Zemgus Girgensons wins face-off versus Jim O'Brien in Senators zone.
10:31 of 1st period - Snap shot by Tommy Wingels.
10:31 of 1st period - Stopped by Peter Mannino without a rebound.
10:32 of 1st period - Stephane Da Costa wins face-off versus Mika Zibanejad in Mustangs zone.
10:45 of 1st period - Slapshot by Chris Thorburn.
10:45 of 1st period - Shot Blocked by Denis Bodrov.
10:47 of 1st period - Snap shot by Gabriel Bourque.
10:47 of 1st period - Stopped by Peter Mannino without a rebound.
10:48 of 1st period - Riley Sheahan wins face-off versus Stephane Da Costa in Mustangs zone.
10:48 of 1st period - Riley Sheahan is hit by Chris Thorburn.
11:07 of 1st period - Minor Penalty to Arturs Kulda for Tripping.
11:08 of 1st period - Stephane Da Costa wins face-off versus Mika Zibanejad in Senators zone.
13:07 of 1st period - Penalty to Arturs Kulda is over, Arturs Kulda is back on ice.
13:46 of 1st period - Backhand shot by Rick Schofield.
13:46 of 1st period - Stopped by Brad Thiessen with a rebound.
14:01 of 1st period - Off-side.
14:02 of 1st period - Stephane Da Costa wins face-off versus Tomas Tatar in neutral zone.
14:15 of 1st period - Snap shot by Stephane Da Costa.
14:15 of 1st period - Shot Blocked by Riley Sheahan.
14:17 of 1st period - Slapshot by Ian Cole.
14:17 of 1st period - Stopped by Peter Mannino without a rebound.
14:18 of 1st period - Mika Zibanejad wins face-off versus Tommy Wingels in Mustangs zone.
14:18 of 1st period - Mika Zibanejad is hit by Matt Frattin.
14:26 of 1st period - Wrist shot by Josh Jooris.
14:26 of 1st period - Shot Blocked by Ian Cole.
14:28 of 1st period - Snap shot by Marcus Foligno.
14:28 of 1st period - Shot Misses the Net.
14:30 of 1st period - Wrist shot by Josh Jooris.
14:30 of 1st period - Shot Misses the Net.
14:45 of 1st period - Arturs Kulda is hit by Joshua Leivo and loses puck.
15:37 of 1st period - Snap shot by Tomas Jurco.
15:37 of 1st period - Stopped by Peter Mannino without a rebound.
15:38 of 1st period - Mika Zibanejad wins face-off versus Zemgus Girgensons in Mustangs zone.
15:49 of 1st period - Wrist shot by Josh Jooris.
15:49 of 1st period - Stopped by Brad Thiessen with a rebound.
15:51 of 1st period - Slapshot by Brady Skjei.
15:51 of 1st period - Stopped by Brad Thiessen without a rebound.
15:52 of 1st period - Mika Zibanejad wins face-off versus Stephane Da Costa in Senators zone.
16:07 of 1st period - Snap shot by Chris Thorburn.
16:07 of 1st period - Stopped by Peter Mannino with a rebound.
16:41 of 1st period - Wrist shot by Francis Paré.
16:41 of 1st period - Shot Blocked by Matt Frattin.
17:31 of 1st period - Slapshot by Ian Cole.
17:31 of 1st period - Stopped by Peter Mannino with a rebound.
17:51 of 1st period - Slapshot by Logan Stephenson.
17:51 of 1st period - Stopped by Peter Mannino with a rebound.
17:53 of 1st period - Snap shot by Ryan Dzingel.
17:53 of 1st period - Stopped by Peter Mannino with a rebound.
18:51 of 1st period - Olli Maatta is hit by Josh Jooris and loses puck.
18:56 of 1st period - Wrist shot by Mika Zibanejad.
18:56 of 1st period - Shot Hit the Post.
18:58 of 1st period - Snap shot by Mika Zibanejad.
18:58 of 1st period - Shot Blocked by Olli Maatta.
19:00 of 1st period - Snap shot by Brady Skjei.
19:00 of 1st period - Shot Blocked by Olli Maatta.
19:36 of 1st period - Snap shot by Curtis Hamilton.
19:36 of 1st period - Stopped by Brad Thiessen without a rebound.
19:37 of 1st period - Stephane Da Costa wins face-off versus Rick Schofield in Senators zone.
19:51 of 1st period - Chris Thorburn is hit by Brady Skjei and loses puck.
Goals for this period are 1 for Mustangs vs 0 for Senators.
Shots for this period are 8 for Mustangs vs 13 for Senators.
2nd period
0:01 of 2nd period - Mika Zibanejad wins face-off versus Stephane Da Costa in neutral zone.
0:06 of 2nd period - Snap shot by Josh Jooris.
0:06 of 2nd period - Stopped by Brad Thiessen with a rebound.
0:08 of 2nd period - Wrist shot by Mika Zibanejad.
0:08 of 2nd period - Stopped by Brad Thiessen with a rebound.
0:10 of 2nd period - Snap shot by Brady Skjei.
0:10 of 2nd period - Stopped by Brad Thiessen with a rebound.
0:12 of 2nd period - Slapshot by Marcus Foligno.
0:12 of 2nd period - Stopped by Brad Thiessen without a rebound.
0:13 of 2nd period - Mika Zibanejad wins face-off versus Stephane Da Costa in Senators zone.
0:18 of 2nd period - Snap shot by Marcus Foligno.
0:18 of 2nd period - Shot Misses the Net.
0:42 of 2nd period - Off-side.
0:43 of 2nd period - Riley Sheahan wins face-off versus Tommy Wingels in neutral zone.
0:56 of 2nd period - Wrist shot by Tommy Wingels.
0:56 of 2nd period - Stopped by Peter Mannino with a rebound.
0:58 of 2nd period - Wrist shot by Tommy Wingels.
0:58 of 2nd period - Stopped by Peter Mannino with a rebound.
1:28 of 2nd period - Snap shot by Chris Thorburn.
1:28 of 2nd period - Shot Misses the Net.
2:38 of 2nd period - Snap shot by Ian Cole.
2:38 of 2nd period - Stopped by Peter Mannino with a rebound.
2:40 of 2nd period - Wrist shot by Chris Thorburn.
2:40 of 2nd period - Stopped by Peter Mannino with a rebound.
2:42 of 2nd period - Wrist shot by Gabriel Bourque.
2:42 of 2nd period - Shot Misses the Net.
3:04 of 2nd period - Slapshot by Ian Cole.
3:04 of 2nd period - Goal by Ian Cole - Mustangs : 1 - Senators : 1.
3:05 of 2nd period - Marcus Foligno wins face-off versus Stephane Da Costa in neutral zone.
3:30 of 2nd period - Arturs Kulda is hit by Cameron Gaunce.
3:36 of 2nd period - Matt Frattin is hit by Andrew Shaw and loses puck.
3:51 of 2nd period - Wrist shot by Ryan Dzingel.
3:51 of 2nd period - Deflect By Marc-André Bernier.
3:51 of 2nd period - Stopped by Peter Mannino with a rebound.
4:36 of 2nd period - Off-side.
4:37 of 2nd period - Tommy Wingels wins face-off versus Riley Sheahan in neutral zone.
4:40 of 2nd period - Slapshot by Arturs Kulda.
4:40 of 2nd period - Shot Blocked by Mark Pysyk.
5:04 of 2nd period - Mark Pysyk is hit by Arturs Kulda and loses puck.
5:42 of 2nd period - Minor Penalty to Joshua Leivo for Hooking.
5:43 of 2nd period - Riley Sheahan wins face-off versus Gabriel Bourque in Mustangs zone.
5:54 of 2nd period - Wrist shot by Stephane Da Costa.
5:54 of 2nd period - Shot Blocked by Marcus Foligno.
5:56 of 2nd period - Wrist shot by Gabriel Bourque.
5:56 of 2nd period - Stopped by Peter Mannino with a rebound.
5:58 of 2nd period - Slapshot by Shane Sims.
5:58 of 2nd period - Deflect By Stephane Da Costa.
5:58 of 2nd period - Shot Blocked by Mark Pysyk.
5:58 of 2nd period - Puck is out of play.
5:59 of 2nd period - Gabriel Bourque wins face-off versus Marcus Foligno in Mustangs zone.
6:46 of 2nd period - Off-side.
6:47 of 2nd period - Jim O'Brien wins face-off versus Stephane Da Costa in neutral zone.
6:57 of 2nd period - Wrist shot by Jim O'Brien.
6:57 of 2nd period - Shot Misses the Net.
6:59 of 2nd period - Wrist shot by Jim O'Brien.
6:59 of 2nd period - Stopped by Brad Thiessen without a rebound.
7:00 of 2nd period - Stephane Da Costa wins face-off versus Riley Sheahan in Senators zone.
7:02 of 2nd period - Minor Penalty to Gabriel Bourque for Elbowing.
7:03 of 2nd period - Stephane Da Costa wins face-off versus Mika Zibanejad in Senators zone.
7:03 of 2nd period - Stephane Da Costa is hit by Marcus Foligno.
7:25 of 2nd period - Minor Penalty to Marcus Foligno for Interference.
7:26 of 2nd period - Riley Sheahan wins face-off versus Stephane Da Costa in Mustangs zone.
7:42 of 2nd period - Penalty to Joshua Leivo is over, Joshua Leivo is back on ice.
7:49 of 2nd period - Slapshot by Brady Skjei.
7:49 of 2nd period - Stopped by Brad Thiessen without a rebound.
7:50 of 2nd period - Mika Zibanejad wins face-off versus Stephane Da Costa in Senators zone.
8:15 of 2nd period - Slapshot by Tommy Wingels.
8:15 of 2nd period - Shot Misses the Net.
9:02 of 2nd period - Penalty to Gabriel Bourque is over, Gabriel Bourque is back on ice.
9:25 of 2nd period - Penalty to Marcus Foligno is over, Marcus Foligno is back on ice.
9:40 of 2nd period - Slapshot by Phil Di Giuseppe.
9:40 of 2nd period - Stopped by Peter Mannino with a rebound.
9:42 of 2nd period - Wrist shot by Zemgus Girgensons.
9:42 of 2nd period - Goal by Zemgus Girgensons - Mustangs : 1 - Senators : 2.
9:43 of 2nd period - Stephane Da Costa wins face-off versus Mika Zibanejad in neutral zone.
10:38 of 2nd period - Snap shot by Jim O'Brien.
10:38 of 2nd period - Shot Blocked by Arturs Kulda.
10:40 of 2nd period - Backhand shot by Jim O'Brien.
10:40 of 2nd period - Stopped by Brad Thiessen with a rebound.
10:42 of 2nd period - Snap shot by Jerome Samson.
10:42 of 2nd period - Shot Misses the Net.
10:58 of 2nd period - Snap shot by Stephane Da Costa.
10:58 of 2nd period - Shot Blocked by Scott Mayfield.
11:22 of 2nd period - Slapshot by Arturs Kulda.
11:22 of 2nd period - Deflect By Cameron Gaunce.
11:22 of 2nd period - Stopped by Peter Mannino without a rebound.
11:23 of 2nd period - Tommy Wingels wins face-off versus Josh Jooris in Mustangs zone.
11:48 of 2nd period - Logan Stephenson is hit by Riley Sheahan and loses puck.
12:09 of 2nd period - Snap shot by Jim O'Brien.
12:09 of 2nd period - Deflect By Joshua Leivo.
12:09 of 2nd period - Stopped by Brad Thiessen with a rebound.
12:11 of 2nd period - Wrist shot by Jim O'Brien.
12:11 of 2nd period - Stopped by Brad Thiessen without a rebound.
12:12 of 2nd period - Patrick Bordeleau wins face-off versus Jim O'Brien in Senators zone.
12:39 of 2nd period - Arturs Kulda is hit by Mika Zibanejad and loses puck.
12:57 of 2nd period - Off-side.
12:58 of 2nd period - Shane Prince wins face-off versus Riley Sheahan in neutral zone.
13:46 of 2nd period - Slapshot by Ian Cole.
13:46 of 2nd period - Shot Misses the Net.
13:48 of 2nd period - Slapshot by Ian Cole.
13:48 of 2nd period - Stopped by Peter Mannino with a rebound.
14:08 of 2nd period - Mark Pysyk is hit by Shane Prince and loses puck.
14:13 of 2nd period - Snap shot by Marc-André Bernier.
14:13 of 2nd period - Goal by Marc-André Bernier - Mustangs : 1 - Senators : 3.
14:14 of 2nd period - Stephane Da Costa wins face-off versus Tomas Tatar in neutral zone.
14:25 of 2nd period - Snap shot by Riley Sheahan.
14:25 of 2nd period - Shot Blocked by Arturs Kulda.
14:39 of 2nd period - Josh Jooris is hit by Ian Cole and loses puck.
16:03 of 2nd period - Riley Sheahan is hit by Arturs Kulda and loses puck.
16:36 of 2nd period - Wrist shot by Rick Schofield.
16:36 of 2nd period - Shot Blocked by Ian Cole.
16:38 of 2nd period - Slapshot by Brady Skjei.
16:38 of 2nd period - Shot Misses the Net.
16:40 of 2nd period - Slapshot by Brady Skjei.
16:40 of 2nd period - Deflect By Francis Paré.
16:40 of 2nd period - Shot Misses the Net.
16:40 of 2nd period - Puck is out of play.
16:41 of 2nd period - Francis Paré wins face-off versus Stephane Da Costa in Senators zone.
16:54 of 2nd period - Wrist shot by Gabriel Bourque.
16:54 of 2nd period - Goal by Gabriel Bourque - Mustangs : 1 - Senators : 4.
16:55 of 2nd period - Mika Zibanejad wins face-off versus Chris Thorburn in neutral zone.
17:13 of 2nd period - Minor Penalty to Brady Skjei for Tripping.
17:14 of 2nd period - Stephane Da Costa wins face-off versus Riley Sheahan in Mustangs zone.
17:47 of 2nd period - Wrist shot by Logan Stephenson.
17:47 of 2nd period - Stopped by Peter Mannino without a rebound.
17:48 of 2nd period - Tomas Tatar wins face-off versus Tommy Wingels in Mustangs zone.
17:48 of 2nd period - Tomas Tatar is hit by Patrick Bordeleau.
18:20 of 2nd period - Snap shot by Tommy Wingels.
18:20 of 2nd period - Stopped by Peter Mannino with a rebound.
18:22 of 2nd period - Slapshot by Matt Frattin.
18:22 of 2nd period - Stopped by Peter Mannino without a rebound.
18:23 of 2nd period - Stephane Da Costa wins face-off versus Riley Sheahan in Mustangs zone.
18:32 of 2nd period - Snap shot by Gabriel Bourque.
18:32 of 2nd period - Shot Misses the Net.
18:48 of 2nd period - Arturs Kulda is hit by Scott Mayfield.
19:13 of 2nd period - Penalty to Brady Skjei is over, Brady Skjei is back on ice.
19:22 of 2nd period - Wrist shot by Rick Schofield.
19:22 of 2nd period - Stopped by Brad Thiessen with a rebound.
19:24 of 2nd period - Slapshot by Denis Bodrov.
19:24 of 2nd period - Stopped by Brad Thiessen without a rebound.
19:25 of 2nd period - Shane Prince wins face-off versus Rick Schofield in Senators zone.
Goals for this period are 0 for Mustangs vs 4 for Senators.
Shots for this period are 11 for Mustangs vs 16 for Senators.
3rd period
0:01 of 3rd period - Stephane Da Costa wins face-off versus Mika Zibanejad in neutral zone.
0:25 of 3rd period - Tommy Wingels is hit by Andrew Shaw and loses puck.
0:46 of 3rd period - Slapshot by Rick Schofield.
0:46 of 3rd period - Shot Misses the Net.
1:31 of 3rd period - Slapshot by Shane Sims.
1:31 of 3rd period - Shot Misses the Net.
1:33 of 3rd period - Slapshot by Shane Sims.
1:33 of 3rd period - Stopped by Peter Mannino with a rebound.
1:35 of 3rd period - Slapshot by Shane Sims.
1:35 of 3rd period - Shot Hit the Post.
1:37 of 3rd period - Snap shot by Shane Sims.
1:37 of 3rd period - Stopped by Peter Mannino with a rebound.
1:39 of 3rd period - Wrist shot by Tomas Jurco.
1:39 of 3rd period - Stopped by Peter Mannino without a rebound.
1:40 of 3rd period - Mika Zibanejad wins face-off versus Stephane Da Costa in Mustangs zone.
1:46 of 3rd period - Minor Penalty to Chris Thorburn for Holding.
1:47 of 3rd period - Stephane Da Costa wins face-off versus Mika Zibanejad in Senators zone.
1:56 of 3rd period - Slapshot by Brady Skjei.
1:56 of 3rd period - Deflect By Mika Zibanejad.
1:56 of 3rd period - Shot Blocked by Stephane Da Costa.
1:56 of 3rd period - Puck is out of play.
1:57 of 3rd period - Marcus Foligno wins face-off versus Stephane Da Costa in Senators zone.
2:10 of 3rd period - Wrist shot by Marcus Foligno.
2:10 of 3rd period - Deflect By Stephane Da Costa.
2:10 of 3rd period - Stopped by Brad Thiessen without a rebound.
2:11 of 3rd period - Mika Zibanejad wins face-off versus Stephane Da Costa in Senators zone.
2:26 of 3rd period - Snap shot by Marcus Foligno.
2:26 of 3rd period - Shot Misses the Net.
2:53 of 3rd period - Shane Sims is hit by Josh Jooris.
3:46 of 3rd period - Penalty to Chris Thorburn is over, Chris Thorburn is back on ice.
3:56 of 3rd period - Patrick Bordeleau is hit by Cameron Gaunce and loses puck.
4:23 of 3rd period - Wrist shot by Rick Schofield.
4:23 of 3rd period - Stopped by Brad Thiessen with a rebound.
4:35 of 3rd period - Stephane Da Costa is hit by Josh Jooris and loses puck.
4:58 of 3rd period - Snap shot by Tommy Wingels.
4:58 of 3rd period - Shot Misses the Net.
5:24 of 3rd period - Snap shot by Marc-André Bernier.
5:24 of 3rd period - Stopped by Peter Mannino with a rebound.
5:26 of 3rd period - Slapshot by Logan Stephenson.
5:26 of 3rd period - Shot Blocked by Mika Zibanejad.
6:15 of 3rd period - Snap shot by Francis Paré.
6:15 of 3rd period - Stopped by Brad Thiessen without a rebound.
6:16 of 3rd period - Riley Sheahan wins face-off versus Stephane Da Costa in Senators zone.
6:19 of 3rd period - Wrist shot by Tomas Tatar.
6:19 of 3rd period - Shot Misses the Net.
6:39 of 3rd period - Brady Skjei is hit by Olli Maatta and loses puck.
6:53 of 3rd period - Jeff Petry is hit by Andrew Shaw and loses puck.
7:16 of 3rd period - Slapshot by Marc-André Bernier.
7:16 of 3rd period - Stopped by Peter Mannino without a rebound.
7:17 of 3rd period - Marcus Foligno wins face-off versus Stephane Da Costa in Mustangs zone.
7:30 of 3rd period - Ian Cole is hit by Mika Zibanejad.
7:35 of 3rd period - Icing by Gabriel Bourque.
7:36 of 3rd period - Jim O'Brien wins face-off versus Stephane Da Costa in Senators zone.
8:47 of 3rd period - Slapshot by Zemgus Girgensons.
8:47 of 3rd period - Shot Blocked by Joshua Leivo.
9:35 of 3rd period - Snap shot by Marcus Foligno.
9:35 of 3rd period - Deflect By Mika Zibanejad.
9:35 of 3rd period - Stopped by Brad Thiessen with a rebound.
9:37 of 3rd period - Snap shot by Mika Zibanejad.
9:37 of 3rd period - Shot Misses the Net.
10:41 of 3rd period - Snap shot by Tomas Tatar.
10:41 of 3rd period - Shot Blocked by Tomas Jurco.
10:51 of 3rd period - Josh Jooris is hit by Patrick Bordeleau and loses puck.
12:16 of 3rd period - Snap shot by Tomas Jurco.
12:16 of 3rd period - Shot Blocked by Denis Bodrov.
12:24 of 3rd period - Phil Di Giuseppe is hit by Tomas Tatar and loses puck.
12:33 of 3rd period - Wrist shot by Tomas Tatar.
12:33 of 3rd period - Stopped by Brad Thiessen without a rebound.
12:34 of 3rd period - Stephane Da Costa wins face-off versus Mika Zibanejad in Senators zone.
12:34 of 3rd period - Stephane Da Costa is hit by Marcus Foligno.
12:41 of 3rd period - Off-side.
12:42 of 3rd period - Mika Zibanejad wins face-off versus Stephane Da Costa in neutral zone.
12:45 of 3rd period - Slapshot by Marcus Foligno.
12:45 of 3rd period - Shot Misses the Net.
13:11 of 3rd period - Slapshot by Brady Skjei.
13:11 of 3rd period - Stopped by Brad Thiessen without a rebound.
13:12 of 3rd period - Tommy Wingels wins face-off versus Jim O'Brien in Senators zone.
13:23 of 3rd period - Slapshot by Jim O'Brien.
13:23 of 3rd period - Stopped by Brad Thiessen with a rebound.
13:25 of 3rd period - Wrist shot by Jerome Samson.
13:25 of 3rd period - Stopped by Brad Thiessen with a rebound.
13:27 of 3rd period - Wrist shot by Jerome Samson.
13:27 of 3rd period - Shot Misses the Net.
13:33 of 3rd period - Minor Penalty to Matt Frattin for Hooking.
13:34 of 3rd period - Mika Zibanejad wins face-off versus Stephane Da Costa in Senators zone.
14:04 of 3rd period - Stephane Da Costa is hit by Tomas Tatar and loses puck.
15:09 of 3rd period - Mark Pysyk is hit by Tommy Wingels and loses puck.
15:33 of 3rd period - Penalty to Matt Frattin is over, Matt Frattin is back on ice.
15:36 of 3rd period - Wrist shot by Jerome Samson.
15:36 of 3rd period - Stopped by Brad Thiessen with a rebound.
15:44 of 3rd period - Snap shot by Jerome Samson.
15:44 of 3rd period - Shot Misses the Net.
15:46 of 3rd period - Snap shot by Jim O'Brien.
15:46 of 3rd period - Shot Misses the Net.
15:58 of 3rd period - Slapshot by Arturs Kulda.
15:58 of 3rd period - Shot Hit the Post.
16:00 of 3rd period - Wrist shot by Zemgus Girgensons.
16:00 of 3rd period - Goal by Zemgus Girgensons - Mustangs : 1 - Senators : 5.
16:01 of 3rd period - Stephane Da Costa wins face-off versus Mika Zibanejad in neutral zone.
16:16 of 3rd period - Logan Stephenson is hit by Marcus Foligno and loses puck.
16:31 of 3rd period - Wrist shot by Brady Skjei.
16:31 of 3rd period - Shot Misses the Net.
16:47 of 3rd period - Slapshot by Matt Frattin.
16:47 of 3rd period - Shot Blocked by Denis Bodrov.
16:49 of 3rd period - Snap shot by Ryan Dzingel.
16:49 of 3rd period - Shot Misses the Net.
16:51 of 3rd period - Slapshot by Logan Stephenson.
16:51 of 3rd period - Stopped by Peter Mannino without a rebound.
16:52 of 3rd period - Mika Zibanejad wins face-off versus Shane Prince in Mustangs zone.
17:01 of 3rd period - Wrist shot by Mika Zibanejad.
17:01 of 3rd period - Shot Misses the Net.
17:03 of 3rd period - Snap shot by Denis Bodrov.
17:03 of 3rd period - Stopped by Brad Thiessen without a rebound.
17:04 of 3rd period - Stephane Da Costa wins face-off versus Mika Zibanejad in Senators zone.
17:11 of 3rd period - Slapshot by Arturs Kulda.
17:11 of 3rd period - Stopped by Peter Mannino with a rebound.
17:13 of 3rd period - Wrist shot by Chris Thorburn.
17:13 of 3rd period - Shot Misses the Net.
17:15 of 3rd period - Slapshot by Arturs Kulda.
17:15 of 3rd period - Stopped by Peter Mannino with a rebound.
17:25 of 3rd period - Double Minor Penalty to Mika Zibanejad for Roughing.
17:26 of 3rd period - Riley Sheahan wins face-off versus Stephane Da Costa in Mustangs zone.
17:45 of 3rd period - Ian Cole is hit by Cameron Gaunce and loses puck.
18:04 of 3rd period - Shane Sims is hit by Jim O'Brien and loses puck.
18:33 of 3rd period - Denis Bodrov is hit by Matt Frattin and loses puck.
Goals for this period are 0 for Mustangs vs 1 for Senators.
Shots for this period are 10 for Mustangs vs 9 for Senators.
Back to the Top